 Dungeon Crawl Stone Soup version 0.30-a0-528-g8c47a4955b (webtiles) character file.

Game seed: 15838718311765123737

445 Shayle the Poker (level 6, -9/48 HPs)
             Began as a Demonspawn Reaver on Dec 23, 2022.
             Was an Initiate of Ashenzari.
             Killed by divine providence
             ... invoked by an orc priest
              (15 damage)
             ... on level 4 of the Dungeon.
             The game lasted 00:09:07 (3171 turns).

Shayle the Poker (Demonspawn Reaver)                Turns: 3171, Time: 00:09:07

Health: -9/48      AC:  4    Str:  9    XL:     6   Next: 72%
Magic:  9/9        EV: 11    Int: 20    God:    Ashenzari [......]
Gold:   221        SH:  0    Dex: 15    Spells: 8/9 levels left

rFire   . . .      SeeInvis .    k - +4 dagger (chaos)
rCold   . . .      Faith    .    (no shield)
rNeg    . . .      Spirit   .    b - +1 leather armour
rPois   .          Reflect  .    (helmet restricted)
rElec   .          Harm     .    (no cloak)
rCorr   .          Rampage  .    (no gloves)
Will    .....      Rnd*Tele +    (no boots)
Stlth   ++++                     (no amulet)
HPRegen 0.28/turn                (no ring)
MPRegen 0.11/turn                (no ring)

@: no status effects
A: horns 1, thin skeletal structure 2, ignite blood 1, clever 1, teleportitis 1,
weak 1
a: Renounce Religion


You were on level 4 of the Dungeon.
You worshipped Ashenzari.
Ashenzari was noncommittal.
You visited 1 branch of the dungeon, and saw 4 of its levels.

You collected 221 gold pieces.

Inventory:

Hand Weapons
 a - a +0 spear
 k - a +4 dagger of chaos (weapon)
Missiles
 m - 6 poisoned darts
Armour
 b - a +1 leather armour (worn)
Jewellery
 j - a ring of fire
 l - a +4 ring of evasion
 o - a ring of see invisible
Wands
 h - a wand of charming (6)
 n - a wand of mindburst (7)
 u - a wand of polymorph (10)
Scrolls
 c - a scroll of blinking
 d - 2 scrolls of amnesia
 g - a scroll of immolation {unknown}
 i - 2 scrolls of poison
 r - a scroll of teleportation
Potions
 f - a potion of degeneration {unknown}
 p - a potion of might {unknown}
 q - a potion of flight {unknown}


   Skills:
 + Level 4.0 Fighting
 + Level 4.1 Polearms
 + Level 2.9 Armour
 - Level 1.7 Dodging
 + Level 3.2 Stealth
 - Level 2.0 Spellcasting
 - Level 3.0 Conjurations


You had 8 spell levels left.
You knew the following spells:

 Your Spells              Type           Power      Damage    Failure   Level
a - Kiss of Death         Conj/Necr      32%        2d7       12%         1

Your spell library contained the following spells:

 Spells                   Type           Power      Damage    Failure   Level
 Magic Dart               Conj           56%        1d5       6%          1
 Momentum Strike          Conj/Tloc      16%        3d8       17%         2
 Apportation              Tloc           4%         N/A       22%         1
 Call Imp                 Summ           2%         N/A       32%         2
 Hailstorm                Conj/Ice       8%         3d4       34%         3
 Mephitic Cloud           Conj/Pois/Air  6%         N/A       38%         3
 Alistair's Intoxication  Tmut/Pois      1%         N/A       99%         5


Dungeon Overview and Level Annotations

Branches:
Dungeon (4/15)
 Temple: D:4-7

Altars:
Ashenzari

Annotations:
D:3 1 runed translucent door, Crazy Yiuf
D:4 Eustachio, Sigmund


Innate Abilities, Weirdness & Mutations

You have a pair of small horns on your head.
You have a moderately thin skeletal structure. (Dex +4, Stealth++)
Your demonic aura sometimes causes spilled blood to erupt in flames.
Your mind is acute. (Int +4, Str/Dex -1)
You are occasionally teleported next to monsters.
You are weak. (Str -2)


Message History

You feel sick.
You feel sick. The orc hits you but does no damage.
You see here a +0 scale mail.
The orc priest shouts!
You hit the orc but do no damage.
You feel sick.
An orc comes into view. It is wielding a +0 club.
The orc completely misses you.
The orc shouts!
You hit the orc. You freeze the orc.
You kill the orc!
You feel sick.
You are no longer poisoned.
Things that are here:
a +0 club; an orc corpse The orc closely misses you.
You hit the orc.
The orc goes berserk!
You headbutt the orc, but do no damage.
The orc is heavily wounded.
The orc hits you with a +0 club! The orc barely misses you.
You hit the orc. You burn the orc.
You kill the orc!
Aiming: Mindburst
Press: ? - help, Shift-Dir - straight line, f - orc priest
Aim: an orc priest, wielding a +0 mace and wearing a +0 ring mail (chance to affect: 64%)
The orc priest struggles to resist.
The orc priest mumbles some strange prayers to Beogh against you.
Beogh smites you!
* * * LOW HITPOINT WARNING * * *
Unknown command.
Aiming: Mindburst
Press: ? - help, Shift-Dir - straight line, f/p - orc priest
Aim: an orc priest, wielding a +0 mace and wearing a +0 ring mail (chance to affect: 64%)
The orc priest's mind is blasted!
The orc priest mumbles some strange prayers to Beogh against you.
Beogh smites you!
* * * LOW HITPOINT WARNING * * *
Unknown command.
You feel better.
The orc priest mumbles some strange prayers to Beogh against you.
Beogh smites you!
You die...

................##......####..###
...K..#...............###....##
###..##...............###.#######
.....##......$..#..####... #..
##5............##..####.# ###.#
J.r.......".........oS.$# #...#
##@..#..........#>#..########.###
###.........†.[).o##.......#.>#
.###..#.........@#...........##
.#...............#............# #
...#..#........#.#....$.S####.# .
.#..........○.##........... ....
####...##.#.#####.........o.###..
# .....#.... ##########..##... #
.. ...#.... ....... # . #..####
.....@. .# ##. ......


You could see an orc priest.

Vanquished Creatures
  Menkaure (D:4)
  A scorpion (D:4)
  A jelly (D:4)
  Natasha (thrice) (D:2)
  7 adders
  2 worms (D:3)
  4 dart slugs
  2 orcs (D:4)
  6 endoplasms
  8 giant cockroaches
  10 goblins
  11 hobgoblins
  A jackal (D:1)
  4 quokkas
  5 ball pythons
  5 bats
  3 frilled lizards
  6 kobolds
  9 rats
89 creatures vanquished.

Notes
Turn   | Place    | Note
-------+----------+-------------------------------------------
     0 | D:1      | Shayle the Demonspawn Reaver began the quest for the Orb.
     0 | D:1      | Reached XP level 1. HP: 16/16 MP: 3/3
   175 | D:1      | Gained mutation: You have a somewhat thin skeletal
                  | structure. (Dex +2, Stealth+) [demonic ancestry]
   175 | D:1      | Reached XP level 2. HP: 16/22 MP: 5/5
   356 | D:1      | Reached skill level 1 in Stealth
   454 | D:1      | Reached skill level 1 in Armour
   473 | D:1      | Reached XP level 3. HP: 26/28 MP: 6/6
   554 | D:1      | Found a faded altar of an unknown god.
   847 | D:2      | Noticed Natasha
   854 | D:2      | Killed Natasha
   855 | D:2      | Gained mutation: You have a moderately thin skeletal
                  | structure. (Dex +4, Stealth++) [demonic ancestry]
   855 | D:2      | Reached XP level 4. HP: 26/34 MP: 7/7
  1315 | D:2      | Noticed Natasha
  1339 | D:2      | Killed Natasha
  1428 | D:2      | Gained mutation: You have a pair of small horns on your
                  | head. [demonic ancestry]
  1428 | D:2      | Reached XP level 5. HP: 41/41 MP: 8/8
  1582 | D:2      | Noticed Natasha
  1594 | D:2      | Killed Natasha
  2272 | D:3      | Found a broken altar of Ashenzari.
  2276 | D:3      | Saw a vision of the Shoals and the Snake Pit.
  2276 | D:3      | Noticed a merfolk
  2276 | D:3      | Noticed a merfolk
  2276 | D:3      | Noticed a snapping turtle
  2276 | D:3      | Noticed a snapping turtle
  2276 | D:3      | Noticed a merfolk siren
  2276 | D:3      | Noticed a merfolk
  2276 | D:3      | Noticed a water elemental
  2276 | D:3      | Noticed a naga sharpshooter
  2276 | D:3      | Noticed a naga mage
  2276 | D:3      | Noticed a black mamba
  2276 | D:3      | Noticed a naga warrior
  2277 | D:3      | Noticed a shock serpent
  2277 | D:3      | Noticed a merfolk siren
  2277 | D:3      | Noticed a merfolk siren
  2278 | D:3      | Noticed a wind drake
  2280 | D:3      | Became a worshipper of Ashenzari the Shackled
  2427 | D:3      | Found a runed translucent door.
  2428 | D:3      | Noticed Crazy Yiuf
  2712 | D:4      | Noticed Eustachio
  2733 | D:4      | Gained mutation: You are occasionally teleported next to
                  | monsters. [potion of mutation]
  2733 | D:4      | Gained mutation: You are weak. (Str -2) [potion of
                  | mutation]
  2733 | D:4      | Gained mutation: Your mind is acute. (Int +4, Str/Dex -1)
                  | [potion of mutation]
  2918 | D:4      | Noticed Sigmund
  2986 | D:4      | Noticed Menkaure
  2994 | D:4      | Killed Menkaure
  2995 | D:4      | Gained mutation: Your demonic aura sometimes causes spilled
                  | blood to erupt in flames. [demonic ancestry]
  2995 | D:4      | Reached XP level 6. HP: 18/48 MP: 9/9
  3170 | D:4      | HP: 1/48 [orc priest/divine providence (10)]
  3171 | D:4      | Killed from afar by an orc priest

Illustrated notes

Levels and vault maps discovered:
D:1:      evilmike_arrival_home_sweet_home, layout_loops_cross, serial_glass,
          glass_columns_a, glass_columns_a, glass_columns_b, glass_columns_b,
          glass_columns_c, glass_columns_a, glass_columns_c, glass_columns_a,
          glass_columns_b, glass_columns_b, glass_columns_b, glass_columns_b,
          glass_columns_a, glass_columns_b, item_on_display_a, feat_on_display,
          hellmonk_ecumenical_altar_run_dry, minmay_close_crescents
D:2:      layout_loops_ring, minmay_statues_item, uniq_natasha
D:3:      layout_loops_ring, grunt_ashenzari_visionary
          [grunt_ashenzari_visionary_shoals, grunt_ashenzari_visionary_snake],
          elyvilon_altar_4, minivault_11, uniq_crazy_yiuf_cottage
D:4:      layout_rooms, uniq_menkaure, uniq_eustachio, uniq_sigmund

Skill      XL: |  1  2  3  4  5  6 |
---------------+-------------------+-----
Stealth        | 1 2 3 |  3.2
Polearms       | 3 4 |  4.1
Armour         | 1 2 |  2.9
Fighting       | 3 4 |  4.0
Dodging        | |  1.7
Spellcasting   | |  2.0
Conjurations   | |  3.0

Action                   |  1- 3 |  4- 6 || total
-------------------------+-------+-------++-------
Melee: Spear             |   101 |       ||   101
       Dagger            |    21 |   146 ||   167
       Headbutt          |       |    12 ||    12
Evoke: Wand              |       |     3 ||     3
  Use: Scroll            |     2 |     9 ||    11
       Potion            |       |     3 ||     3
 Stab: Sleeping          |     1 |    21 ||    22
Armor: Leather armour    |    43 |    25 ||    68
Dodge: Dodged            |    77 |    54 ||   131

Table legend: (Time is in decaauts)
 A = Elapsed time spent in this place.
 B = Non-inter-level travel time spent in this place.
 C = Inter-level travel time spent in this place.
 D = Time resting spent in this place.
 E = Time spent auto-exploring this place.
 F = Levels seen in this place.
 G = Mean time per level.
                   A        B        C        D        E       F      G
               +--------+--------+--------+--------+--------+-----+--------+
         Total |   3135 |   2874 |    261 |    292 |   1514 |   4 |  783.8 |
       Dungeon |   3135 |   2874 |    261 |    292 |   1514 |   4 |  783.8 |
               +--------+--------+--------+--------+--------+-----+--------+

Top non-repeatable levels by time:
     D:3: 993 daAuts
     D:2: 937 daAuts
     D:1: 836 daAuts
     D:4: 368 daAuts
